 Dungeon Crawl Stone Soup version 0.31-a0-1591-g515db51633 (webtiles) character file.

Game seed: 7544722650470066942

32 BigPumpCobain the Ruffian (level 3, -2/29 HPs)
             Began as a Draconian Shapeshifter on Jan 6, 2024.
             Slain by a gnoll
             ... wielding a +0 flail
              (11 damage)
             ... on level 3 of the Dungeon.
             The game lasted 00:01:56 (1241 turns).

BigPumpCobain the Ruffian (Draconian Shapeshifter)  Turns: 1241, Time: 00:01:57

Health: -2/29      AC:  5    Str: 18    XL:     3   Next: 8%
Magic:  3/3        EV: 12    Int: 10    God:
Gold:   93         SH:  0    Dex: 10    Spells: 2/2 levels left

rFire   + .          .
                       - Unarmed
rCold   . . .        (no shield)
rNeg    . . .        (body armour unavailable)
rPois   .            (helmet currently unavailable)
rElec   .            (cloak currently unavailable)
rCorr   .            (gloves currently unavailable)
SInv    .            (boots currently unavailable)
Will    .....        (no amulet)
Stlth   +            f - ring of protection from fire
HPRegen 0.24/turn    (no ring)
MPRegen 0.08/turn

%: no passive effects
@: beast-form
A: beast (slay +1), AC +5, unfitting armour, cold-blooded
a: Begin Untransformation


You were on level 3 of the Dungeon.
You were a hulking beast.
You visited 1 branch of the dungeon, and saw 3 of its levels.

You collected 93 gold pieces.

Inventory:

Jewellery
 f - a ring of protection from fire (left hand)
Talismans
 b - a beast talisman
 c - a flux talisman
Scrolls
 h - a scroll of identify {unknown}
 i - a scroll of butterflies {unknown}
Potions
 a - a potion of lignification
 d - 2 potions of curing {unknown}
 e - a potion of ambrosia {unknown}
 g - 3 potions of enlightenment {unknown}
 j - a potion of brilliance {unknown}


   Skills:
 + Level 1.7 Fighting
 - Level 1.7 Dodging
 * Level 3.5 Unarmed Combat
 * Level 3.4 Shapeshifting


You had 2 spell levels left.
You didn't know any spells.
Your spell library was empty.

Dungeon Overview and Level Annotations

Branches:
Dungeon (3/15)

Altars:

Shops:
D:1 (


Innate Abilities, Weirdness & Mutations

You are a hulking beast.
Your limbs bulge with bestial killing power. (Slay +1)
Your plain brown scales are hard. (AC +5)
You cannot fit into any form of body armour.
You are cold-blooded and may be slowed by cold attacks.


Message History

You hit the gnoll.
The gnoll is moderately wounded.
The gnoll closely misses you. The gnoll hits you with a +0 flail.
The gnoll closely misses you.
You hit the gnoll.
The gnoll is moderately wounded.
The gnoll misses you. The gnoll barely misses you.
The gnoll closely misses you.
You hit the gnoll.
The gnoll is severely wounded.
The gnoll closely misses you. x2; The gnoll hits you with a +0 spear.
You barely miss the gnoll.
The gnoll is severely wounded.
The gnoll hits you with a +0 flail. The gnoll hits you with a +0 spear.
The gnoll completely misses you.
You are too injured to fight recklessly!
You are too injured to fight recklessly!
You are too injured to fight recklessly!
You are too injured to fight recklessly!
You are too injured to fight recklessly!
You are too injured to fight recklessly!
You are too injured to fight recklessly!
You are too injured to fight recklessly!
You are too injured to fight recklessly!
You are too injured to fight recklessly!
You are too injured to fight recklessly!
You are too injured to fight recklessly!
You are too injured to fight recklessly!
You are too injured to fight recklessly!
You are too injured to fight recklessly!
You are too injured to fight recklessly!
You are too injured to fight recklessly!
You are too injured to fight recklessly!
You are too injured to fight recklessly!
You are too injured to fight recklessly!
You are too injured to fight recklessly!
You hit the gnoll.
You kill the gnoll!
The gnoll barely misses you. The gnoll hits you with a +0 flail!
You die...

#.##....##.##.....#.....
###.......##.######...#####
#...########+## ##.## #.###
##...## #.# #.## ##.?...##
#.# #(.## ##.......## #.#
#####...####.........#
...........'.....)...+
###.....####....hg...#
#.#...# ##....g..## #.#.#.#
##.....## #.#.#.# ##...## #
#.#.# ##+## #.#.# ..#


You could see 2 gnolls.

Vanquished Creatures
  A gnoll (D:3)
  A dart slug (D:1)
  5 bats
  2 endoplasms (D:2)
  4 giant cockroaches (D:1)
  2 goblins
  A hobgoblin (D:1)
  2 ball pythons
  4 frilled lizards
  3 kobolds (D:1)
  6 rats
31 creatures vanquished.

Notes
Turn   | Place    | Note
-------+----------+-------------------------------------------
     0 | D:1      | BigPumpCobain the Draconian Shapeshifter began the quest
                  | for the Orb.
     0 | D:1      | Reached XP level 1. HP: 16/16 MP: 1/1
    22 | D:1      | Found Ypeak's Weapon Shop.
   128 | D:1      | Reached XP level 2. HP: 21/23 MP: 2/2
   602 | D:2      | Found a faded altar of an unknown god.
  1083 | D:2      | Reached XP level 3. HP: 26/29 MP: 3/3
  1241 | D:3      | Slain by a gnoll

Illustrated notes

Levels and vault maps discovered:
D:1:      heliophobic_arrival_henge, layout_rooms, serial_rivers,
          chequers_serial_rivers_room_b, chequers_serial_rivers_micro_d,
          chequers_serial_rivers_small_3, chequers_serial_rivers_small_3,
          serial_shops, nicolae_shop_bloodbath_and_beyond,
          minmay_close_crescents
D:2:      layout_loops_ring, chequers_ecumenical_altar_island
D:3:      layout_loops_corners, cheibrodos_sewer_entry_bend

Action                     || total
---------------------------++-------
  Melee: Unarmed           ||    85
         Tailslap          ||     8
    Use: Scroll            ||     1
   Stab: Sleeping          ||     1
 Armour: Skin              ||    44
  Dodge: Dodged            ||    60

Table legend: (Time is in decaauts)
 A = Elapsed time spent in this place.
 B = Non-inter-level travel time spent in this place.
 C = Inter-level travel time spent in this place.
 D = Time resting spent in this place.
 E = Time spent auto-exploring this place.
 F = Levels seen in this place.
 G = Mean time per level.
                   A        B        C        D        E       F      G
               +--------+--------+--------+--------+--------+-----+--------+
         Total |   1253 |   1199 |     54 |     34 |    952 |   3 |  417.7 |
       Dungeon |   1253 |   1199 |     54 |     34 |    952 |   3 |  417.7 |
               +--------+--------+--------+--------+--------+-----+--------+

Top non-repeatable levels by time:
     D:2: 728 daAuts
     D:1: 466 daAuts
     D:3: 58 daAuts
